 Dungeon Crawl Stone Soup version 0.20.1-1-g8b1a95d (webtiles) character file.

51 namelastname112 the Scratcher (level 3, -1/17 HPs)
             Began as a Felid Chaos Knight on July 19, 2017.
             Slain by a gnoll
             ... wielding a +0 club
              (6 damage)
             ... on level 3 of the Dungeon.
             The game lasted 00:02:54 (2150 turns).

namelastname112 the Scratcher (Felid Chaos Knight)  Turns: 2150, Time: 00:02:55

Health: -1/17      AC:  1    Str:  8    XL:     3   Next: 58%
Magic:  4/4        EV: 19    Int: 13    God:    Xom [.....*]
Gold:   126        SH:  0    Dex: 16    Spells: 2/2 levels left
                                        Lives:  0   Deaths: 1

rFire    . . .     SeeInvis +     - Unarmed
rCold    . . .     Gourm    .   (shield unavailable)
rNeg     . . .     Faith    .   (armour unavailable)
rPois    .         Spirit   .   (helmet unavailable)
rElec    .         Reflect  .   (cloak unavailable)
rCorr    .         Harm     .   (gloves unavailable)
MR       .....                  (boots unavailable)
Stlth    +++.......             (no amulet)
Regen    0.1/turn               (no ring)
MPRegen  0.1/turn               (no ring)

@: quick
A: no armour, no weapons or thrown items, stealth, claws 1, fangs 3, see
invisible, carnivore 3, speed 1, shaggy fur 1, slow metabolism 1, sharp paws
a: Renounce Religion


You were on level 3 of the Dungeon.
You worshipped Xom.
You were Xom's teddy bear.
You were not hungry.

You visited 1 branch of the dungeon, and saw 3 of its levels.

You collected 126 gold pieces.

Inventory:

Scrolls
 d - a scroll of teleportation {unknown}
 f - 2 scrolls of remove curse {unknown}
Potions
 b - 2 potions of heal wounds {unknown}
 c - a potion of curing {unknown}
 e - a potion of brilliance {unknown}
Comestibles
 a - 2 meat rations
 g - a royal jelly


   Skills:
 + Level 3.6 Fighting
 + Level 3.9 Dodging
 + Level 2.3 Stealth
 * Level 4.0 Unarmed Combat


You had 2 spell levels left.
You didn't know any spells.

Dungeon Overview and Level Annotations

Branches:
Dungeon (3/15)

Altars:
Ashenzari
Fedhas
Xom
Yredelemnul


Innate Abilities, Weirdness & Mutations

You cannot wear armour.
You are incapable of wielding weapons or throwing items.
Your paws allow you to move quietly. (Stealth)
You have sharp claws.
You have razor-sharp teeth.
You have supernaturally acute eyesight. (SInv)
You are carnivorous and can eat meat at any time.
You cover ground quickly.
You are covered in fur. (AC +1)
You have a slow metabolism.
Your sharp claws are effective at attacking unaware monsters.


Message History

A shower of butterflies erupts from you!
You closely miss the gnoll. You scratch the gnoll.
The gnoll is moderately wounded.
The gnoll misses you.
You scratch the gnoll.
The gnoll is heavily wounded.
The gnoll misses you.
You barely miss the gnoll.
The gnoll is heavily wounded.
The gnoll hits you with a club!
* * * LOW HITPOINT WARNING * * *
The gnoll completely misses your butterfly.
Something hits your butterfly.
Your butterfly dies!
You are too injured to fight recklessly!
You scratch the gnoll.
The gnoll is severely wounded.
The gnoll hits you with a club.
You die...

#..K.########.#
#.#<.g.....##.#
#.########.##)#
#.....).##.##r#####..
#######............#.#
#......##.#####><###
#.#######.g..# #.... ## #.#
#.g#b##..... ...
#.########[@.#.# #.. ..
#........b#b#.##.##.###.#.##
#########.#..###.......###..
#######.†.b.......###.#.K.
#.....†...##.###.# #....
#.#####..## #.#.# #.... ##.#
#.# ##>.. #.# ### ##.# #.#
#.


You could see 2 gnolls and a rat.

Vanquished Creatures
  An adder (D:1)
  3 oozes
  5 dart slugs
  5 leopard geckos
  6 bats
  A giant cockroach (D:3)
  6 hobgoblins
  6 jackals (D:1)
  2 ball pythons (D:1)
  3 frilled lizards
  6 goblins
  5 kobolds
  10 rats
59 creatures vanquished.

Notes
Turn   | Place    | Note
-------+----------+-------------------------------------------
     0 | D:1      | namelastname112 the Felid Chaos Knight began the quest for the Orb.
     0 | D:1      | Reached XP level 1. HP: 10/10 MP: 2/2
    95 | D:1      | Reached XP level 2. HP: 13/14 MP: 3/3
   166 | D:1      | XOM: potion effect (brilliance)
   400 | D:1      | XOM: scenery: 1 doors open
   484 | D:1      | Reached skill level 1 in Stealth
   516 | D:1      | Reached XP level 3. HP: 13/17 MP: 4/4
  1212 | D:2      | XOM: noise
  1214 | D:2      | XOM: fake destruction
  1363 | D:1      | XOM: scenery: create altars
  1490 | D:2      | Found a blossoming altar of Fedhas.
  1509 | D:2      | Reached skill level 4 in Unarmed Combat
  1517 | D:2      | Found a shattered altar of Ashenzari.
  1608 | D:2      | Found a basalt altar of Yredelemnul.
  1612 | D:2      | Reached XP level 4. HP: 21/21 MP: 5/5
  1780 | D:2      | XOM: divination: detect creatures
  1921 | D:2      | XOM: divination: detect creatures
  2028 | D:3      | XOM: butterfly on damage
  2030 | D:3      | HP: 1/21 [gnoll/spear (12)]
  2031 | D:3      | Slain by a gnoll
  2032 | D:3      | Reached XP level 3. HP: -2/17 MP: 4/4
  2068 | D:3      | XOM: 9-stop teleportation journey
  2145 | D:3      | XOM: butterfly on damage
  2150 | D:3      | Slain by a gnoll

Skill      XL: |  1  2  3  4 |
---------------+-------------+-----
Stealth        | 1 2 |  2.3
Unarmed Combat | 4 |  4.0
Fighting       | |  3.6
Dodging        | |  3.9

Action                   |  1- 3 |  4- 6 || total
-------------------------+-------+-------++-------
Melee: Unarmed           |   124 |    25 ||   149
       Punch             |     3 |       ||     3
       Bite              |     8 |       ||     8
 Stab: Sleeping          |     9 |     3 ||    12
       Distracted        |     1 |       ||     1
  Eat: Chunk             |     9 |       ||     9
Armor: Skin              |     5 |     2 ||     7
Dodge: Dodged            |    90 |    18 ||   108
